 Dungeon Crawl Stone Soup version 0.21-a0-552-g593960d (webtiles) character file.

18 Gaball the Vandal (level 2, -1/19 HPs)
             Began as a Halfling Hunter on Dec 17, 2017.
             Slain by an adder (5 damage)
             ... on level 1 of the Dungeon.
             The game lasted 00:01:01 (903 turns).

Gaball the Vandal (Halfling Hunter)                  Turns: 903, Time: 00:01:01

Health: -1/19      AC:  3    Str: 13    XL:     2   Next: 85%
Magic:  2/2        EV: 14    Int:  9    God:
Gold:   24         SH:  0    Dex: 14    Spells: 1/1 levels left

rFire    + . .     SeeInvis .   a - +1 hunting sling
rCold    + . .     Gourm    .   (shield restricted)
rNeg     . . .     Faith    .   c - +0 leather armour
rPois    +         Spirit   .   (no helmet)
rElec    +         Reflect  .   (no cloak)
rCorr    +         Harm     .   (no gloves)
MR       .....                  (no boots)
Stlth    +.........             (no amulet)
HPRegen  0.06/turn              (no ring)
MPRegen  0.08/turn              (no ring)

@: lethally poisoned (-1 -> -3), resistant
A: small, mutation resistance 1
a: no special abilities


You were on level 1 of the Dungeon.
You were not hungry.

You visited 1 branch of the dungeon, and saw 2 of its levels.

You collected 24 gold pieces.

Inventory:

Hand Weapons
 a - a +1 hunting sling (weapon)
 b - a +0 short sword
Missiles
 d - 9 sling bullets (quivered)
 k - 15 stones
Armour
 c - a +0 leather armour (worn)
Jewellery
 j - an uncursed amulet of the gourmand {unknown}
Scrolls
 e - a scroll of identify {unknown}
 h - 2 scrolls of amnesia {unknown}
Comestibles
 f - a bread ration
 g - a meat ration


   Skills:
 - Level 1.7 Fighting
 + Level 6.9 Slings
 - Level 2.1 Dodging
 - Level 1.1 Stealth


You had one spell level left.
You didn't know any spells.

Dungeon Overview and Level Annotations

Branches:
Dungeon (2/15)

Altars:

Annotations:
D:2 Sigmund


Innate Abilities, Weirdness & Mutations

You are small and have problems with some larger weapons.
You are somewhat resistant to further mutation.


Message History

The adder bites you.
You are poisoned.
The adder poisons you!
You feel sick. The adder misses you. Sigmund barely misses you.
The adder barely misses you.
Sigmund casts a spell.
Sigmund flickers and vanishes!
Deactivating autopickup; reactivate with Ctrl-A.
You feel sick. The adder closely misses you.
You feel sick.
There is a stone staircase leading up here.
The adder closely misses you. The adder bites you.
* * * LOW HITPOINT WARNING * * *
You climb upwards.
There is a stone staircase leading down here.
It was a potion of resistance.
You feel protected. The adder bites you.
You die...

.......................# ######
.########........#####.# #....#
.# #..........#.## #.# #....# .#
#..........#.# #.# ###....# .#
#..........#.# #.# #....).# .#
#..........#.######.###......# .#
#..........#.................. .#
#..........#..#####.###......#
.###............@S...............
..............#.######.###...####
########.######.# #.##........
#.# #.# #.##........ #.#
#.######.##........ #.#
#........##........ #.#
###########........ ######.#
#######.. #......#### #..


You could see an adder.

Vanquished Creatures
  4 bats (D:1)
  A giant cockroach (D:1)
  A goblin (D:1)
  2 hobgoblins (D:1)
  4 jackals (D:1)
  A kobold (D:1)
  A rat (D:1)
14 creatures vanquished.

Notes
Turn   | Place    | Note
-------+----------+-------------------------------------------
     0 | D:1      | Gaball the Halfling Hunter began the quest for the Orb.
     0 | D:1      | Reached XP level 1. HP: 14/14 MP: 1/1
    42 | D:1      | Reached skill level 6 in Slings
    95 | D:1      | Reached XP level 2. HP: 19/19 MP: 2/2
   872 | D:2      | Noticed Sigmund
   903 | D:1      | Slain by an adder

Vault maps used:
D:1:      dpeg_arrival_chase
D:2:      minmay_diamond_boxcup, nemelex_xobeh_ov_fountains_minmay,
          gammafunk_temple_overflow_statue, serial_bayou_pond_d, uniq_sigmund

Skill      XL: |  1 |
---------------+----+-----
Slings         | 6 |  6.9
Fighting       | |  1.7
Dodging        | |  2.1
Stealth        | |  1.1

Action                   || total
-------------------------++-------
 Fire: Hunting sling     ||    44
  Use: Potion            ||     1
Armor: Leather armour    ||     5
Dodge: Dodged            ||    20

Table legend:
 A = Spawn XP
 B = Non-spawn XP
 C = Spawn XP percentage of total XP
 D = Spawn monster count
 E = Non-spawn monster count
 F = Spawn count percentage of total count
 G = Total turns spent on level
                    A         B        C        D         E        F      G
               +---------+---------+-------+---------+---------+-------+---------
         Total |       0 |      26 |   0.0 |       0 |      14 |   0.0 |   903
               +---------+---------+-------+---------+---------+-------+---------
           D:1 |       0 |      26 |   0.0 |       0 |      14 |   0.0 |   861
               +---------+---------+-------+---------+---------+-------+---------
